 Dungeon Crawl Stone Soup version 0.18.1-50-g88ac8fd (webtiles) character file.

364 Jerry the Firebug (level 6, 0/49 HPs)
             Began as a Naga Fire Elementalist on Sept 14, 2016.
             Slain by a yak (15 damage)
             ... on level 4 of the Dungeon.
             The game lasted 00:25:31 (3208 turns).

Jerry the Firebug (Naga Fire Elementalist)          Turns: 3208, Time: 00:25:31

Health: 0/49       AC:  6    Str: 11    XL:     6   Next: 67%
Magic:  4/11       EV: 10    Int: 17    God:
Gold:   177        SH:  0    Dex: 11    Spells: 3 memorised, 6 levels left

rFire  . . .     SeeInvis +     n - +0 dagger
rCold  . . .     Gourm    .     a - +0 robe
rNeg   . . .     Faith    .     (no shield)
rPois  +         Spirit   .     g - +0 helmet
rElec  .         Dismiss  .     o - +0 cloak
rCorr  .         Reflect  .     p - +0 pair of gloves
SustAt .         Harm     .     (no barding)
MR     .....                    (no amulet)
Stlth  ++........               (no ring)
                                (no ring)

@: very slow, not resistant to hostile enchantments, unstealthy
A: see invisible, deformed body, poison resistance, slowness 2, slow metabolism
1, spit poison 2, AC +2
a: Spit Poison


You were on level 4 of the Dungeon.
You were hungry.

You visited 1 branch of the dungeon, and saw 4 of its levels.

You collected 177 gold pieces.

Inventory:

Hand Weapons
 n - a +0 dagger (weapon)
 x - a +4 vampiric hand axe
Missiles
 h - 110 stones (quivered)
Armour
 a - a +0 robe (worn)
 g - a +0 helmet (worn)
 o - a +0 cloak (worn)
 p - a +0 pair of gloves (worn)
Scrolls
 d - 4 scrolls of identify
 j - a scroll of remove curse
 k - a scroll of enchant weapon
 s - a scroll of teleportation
Potions
 i - a potion of heal wounds
 m - 2 potions of agility
 q - a potion of haste
 t - a potion of brilliance
Books
 b - a book of Flames

   Spells                             Type                      Level
   a - Flame Tongue                   Conjuration/Fire             1
   b - Throw Flame                    Conjuration/Fire             2
   c - Conjure Flame                  Conjuration/Fire             3
   d - Inner Flame                    Hexes/Fire                   3
   e - Sticky Flame                   Conjuration/Fire             4
   f - Fireball                       Conjuration/Fire             5
Comestibles
 c - 4 bread rations
 r - 4 fruits
 v - a beef jerky


   Skills:
 - Level 1.5 Dodging
 - Level 3.0 Stealth
 + Level 3.9 Spellcasting
 + Level 3.5 Conjurations
 + Level 5.0 Fire Magic


You had 6 spell levels left.
You knew the following spells:

 Your Spells              Type           Power        Failure   Level  Hunger
a - Flame Tongue          Conj/Fire      ###..        2%          1    None
b - Conjure Flame         Conj/Fire      ###.....     10%         3    ###....
c - Throw Flame           Conj/Fire      ###...       4%          2    ##.....


Dungeon Overview and Level Annotations

Branches:
Dungeon (4/15)
 Temple: D:4-7

Altars:
Okawaru
Xom

Annotations:
D:4 Pikel, Purgy


Innate Abilities, Weirdness & Mutations

You cannot wear boots.
Your serpentine skin is tough (AC +2).
You have supernaturally acute eyesight.
Armour fits poorly on your strangely shaped body.
Your system is resistant to poisons.
You cover ground very slowly.
You have a slow metabolism.
You can spit poison.


Message History

You hit the yak but do no damage. The yak gores you!
You hit the yak.
The yak is lightly wounded.
The yak closely misses you.
You hit the yak but do no damage.
The yak is lightly wounded.
The yak gores you but does no damage.
You hit the yak.
The yak is lightly wounded.
The yak gores you but does no damage.
You hit the yak.
The yak is lightly wounded.
The yak gores you.
You hit the yak but do no damage.
The yak is lightly wounded.
The yak gores you.
You hit the yak.
The yak is lightly wounded.
The yak gores you!
You die...

##.## #.# #.# ##'##
##...## ##### ##.....##
...... #
##.......##......
#...####.........#.#.###
.(..YYY@.........+.. #
#...####.........# # .
##.......## .. ##.....##
T.. ##...## .$% ##+##
.##


You could see 3 yaks.

Vanquished Creatures
  A centaur (D:3)
  2 jellies (D:3)
  3 worker ants (D:4)
  7 adders
  3 worms
  2 dart slugs (D:1)
  A giant gecko (D:3)
  10 orcs
  5 ball pythons
  5 giant cockroaches
  6 goblins
  3 hobgoblins
  A quokka (D:3)
  A sheep (D:3)
  10 bats
  A giant newt (D:2)
  8 kobolds
  5 rats
74 creatures vanquished.

Notes
Turn   | Place    | Note
--------------------------------------------------------------
     0 | D:1      | Jerry the Naga Fire Elementalist began the quest for the Orb.
     0 | D:1      | Reached XP level 1. HP: 15/15 MP: 3/3
   291 | D:1      | Reached XP level 2. HP: 22/22 MP: 1/5
   696 | D:1      | Reached XP level 3. HP: 28/28 MP: 4/6
  1282 | D:2      | Found an iron altar of Okawaru.
  1431 | D:2      | Reached XP level 4. HP: 32/36 MP: 3/7
  1440 | D:2      | Learned a level 3 spell: Conjure Flame
  1464 | D:2      | Reached skill level 4 in Fire Magic
  1942 | D:3      | Found a shimmering altar of Xom.
  2148 | D:3      | Reached XP level 5. HP: 36/42 MP: 4/9
  2282 | D:3      | Noticed a centaur
  2297 | D:3      | Killed a centaur
  2633 | D:3      | Reached XP level 6. HP: 49/49 MP: 7/11
  3021 | D:4      | Noticed Pikel
  3021 | D:4      | Noticed a slave
  3074 | D:4      | Noticed a slave
  3074 | D:4      | Noticed a slave
  3084 | D:4      | Noticed a slave
  3122 | D:4      | Noticed Purgy
  3158 | D:4      | Learned a level 2 spell: Throw Flame
  3176 | D:4      | Noticed a yak
  3178 | D:4      | Noticed a yak
  3181 | D:4      | Noticed a yak
  3189 | D:4      | Noticed a yak
  3194 | D:4      | Reached skill level 5 in Fire Magic
  3208 | D:4      | Slain by a yak

Skill      XL: |  1  2  3  4  5  6 |
---------------+-------------------+-----
Conjurations   | 2 3 |  3.5
Fire Magic     | 4 5 |  5.0
Spellcasting   | 3 |  3.9
Dodging        | |  1.5
Stealth        | |  3.0

Action                   |  1- 3 |  4- 6 || total
-------------------------+-------+-------++-------
Melee: Unarmed           |     6 |       ||     6
       Dagger            |       |    14 ||    14
Throw: Stone             |    13 |     9 ||    22
       Javelin           |    17 |    42 ||    59
 Cast: Flame Tongue      |    40 |    82 ||   122
       Conjure Flame     |       |     5 ||     5
 Abil: Spit Poison       |     7 |    10 ||    17
  Use: Scroll            |     1 |    11 ||    12
       Potion            |       |     2 ||     2
  Eat: Chunk             |     2 |     5 ||     7
Armor: Robe              |     4 |    25 ||    29
Dodge: Dodged            |    18 |    38 ||    56
